 Dungeon Crawl Stone Soup version 0.27-a0-1278-g6cbc8dfb29 (webtiles) character file.

Game seed: 9072406987032441780

5165 pokeman the Thaumaturge (level 10, -8/56 HPs)
             Began as a Deep Elf Hedge Wizard on June 12, 2021.
             Was a Believer of Vehumet.
             Mangled by a manticore (shapeshifter) (16 damage)
             ... while paralysed by Maurice
             ... on level 8 of the Dungeon.
             The game lasted 00:33:01 (13165 turns).

pokeman the Thaumaturge (Deep Elf Hedge Wizard)    Turns: 13165, Time: 00:33:01

Health: -8/56      AC:  5    Str:  7    XL:     10   Next: 34%
Magic:  10/26      EV:  2    Int: 23    God:    Vehumet [**....]
Gold:   326        SH:  0    Dex: 14    Spells: 23/35 levels left

rFire    . . .     SeeInvis .   I - +0 dagger (venom)
rCold    . . .     Faith    .   (no shield)
rNeg     . . .     Spirit   .   j - +0 leather armour
rPois    .         Reflect  +   n - +0 helmet
rElec    .         Harm     .   (no cloak)
rCorr    .         Rampage  .   e - +0 pair of gloves
Will     +....                  (no boots)
Stlth    ++........             x - amulet of reflection
HPRegen  0.18/turn              o - ring of flight
MPRegen  0.20/turn              (no ring)

@: paralysed, flying
A: low mp 1, sturdy frame 1
a: Renounce Religion


You were on level 8 of the Dungeon.
You worshipped Vehumet.
Vehumet was pleased with you.
You visited 2 branches of the dungeon, and saw 9 of its levels.
You also visited: Sewer.

You collected 326 gold pieces.

Inventory:

Hand Weapons
 k - a +0 shortbow
 F - a +2 dagger of chaos
 H - a +0 hand crossbow
 I - a +0 dagger of venom (weapon)
Missiles
 b - 3 boomerangs of dispersal
 l - 148 arrows
 q - 76 bolts
 B - 2 throwing nets
Armour
 e - a +0 pair of gloves (worn)
 j - a +0 leather armour (worn)
 n - a +0 helmet (worn)
Jewellery
 o - a ring of flight (left hand)
 x - an amulet of reflection (around neck)
Wands
 f - a wand of paralysis (12)
 r - a wand of iceblast (4)
 u - a wand of flame (31)
 y - a wand of charming (10)
 G - a wand of digging (3)
Scrolls
 c - 3 scrolls of magic mapping {unknown}
 d - a scroll of immolation {unknown}
 g - 4 scrolls of blinking {unknown}
 h - 7 scrolls of identify {unknown}
 i - a scroll of enchant armour {unknown}
 m - 3 scrolls of noise {unknown}
 s - 3 scrolls of amnesia {unknown}
 t - a scroll of teleportation {unknown}
 v - 3 scrolls of vulnerability {unknown}
 w - 2 scrolls of brand weapon {unknown}
 C - a scroll of fear {unknown}
 E - a scroll of holy word {unknown}
Potions
 a - a potion of cancellation
 p - a potion of magic
 z - a potion of flight {unknown}
 A - a potion of attraction {unknown}
 D - a potion of resistance


   Skills:
 + Level 3.8 Fighting
 - Level 3.0 Armour
 - Level 4.0 Dodging
 - Level 3.0 Stealth
 * Level 13.3 Spellcasting
 + Level 7.4 Conjurations
 - Level 1.1 Summonings
 - Level 1.1 Translocations
 + Level 6.3 Fire Magic
 - Level 1.0 Air Magic
 - Level 1.1 Poison Magic
 - Level 1.2 Evocations


You had 23 spell levels left.
You knew the following spells:

 Your Spells              Type           Power      Damage    Failure   Level
a - Magic Dart            Conj           100%       1d8       1%          1
b - Mephitic Cloud        Conj/Pois/Air  30%        N/A       3%          3
c - Call Imp              Summ           20%        N/A       4%          2
d - Blink                 Tloc           N/A        N/A       4%          2
e - Conjure Flame         Conj/Fire      46%        6-21      1%          3
f - Shock                 Conj/Air       100%       1d9       1%          1

Your spell library contained the following spells:

 Spells                   Type           Power      Damage    Failure   Level
 Sandblast                Erth           30%        2d9       4%          1
 Animate Skeleton         Necr           30%        N/A       4%          1
 Freeze                   Ice            60%        1d8       4%          1
 Pain                     Necr           60%        1d7       4%          1
 Slow                     Hex            15%        N/A       6%          2
 Hailstorm                Conj/Ice       32%        3d8       10%         4
 Frozen Ramparts          Ice            30%        1d5       13%         3
 Ozocubu's Armour         Ice            15%        N/A       13%         3
 Vampiric Draining        Necr           7%         2d7       13%         3
 Animate Dead             Necr           7%         N/A       38%         4
 Agony                    Necr           15%        N/A       75%         5
 Metabolic Englaciation   Hex/Ice        7%         N/A       75%         5


Dungeon Overview and Level Annotations

Branches:
Dungeon (8/15)             Temple (1/1) D:4           Sewer (visited)
   Lair: D:8-11

Altars:
Ashenzari
Dithmenos
Elyvilon
Fedhas
Gozag
Hepliaklqana
Makhleb
Nemelex Xobeh
Ru
Sif Muna
Trog
Uskayaw
Vehumet
Wu Jian
Xom
Yredelemnul
The Shining One

Shops:
D:7 (

Annotations:
D:8 Maurice


Innate Abilities, Weirdness & Mutations

Your magical capacity is low. (-10% MP)
Your movements are slightly less encumbered by armour. (ER -2)


Message History

Confirm with . or Enter, or press ? or * to list all spells.
Aiming: Shock (safe; 1% risk of failure)
Press: ? - help, Shift-Dir - straight line, f/p - manticore
Aim: a manticore (severely wounded, confused, 98% to hit)
The zap hits the manticore.
The manticore is severely wounded.
The zap hits the manticore!
The manticore is almost dead.
Maurice zaps a wand.
You easily resist.
Casting: Shock (safe; 1% risk of failure)
Confirm with . or Enter, or press ? or * to list all spells.
Aiming: Shock (safe; 1% risk of failure)
Press: ? - help, Shift-Dir - straight line, f/p - manticore
Aim: a manticore (severely wounded, confused, 98% to hit)
The zap hits the manticore but does no damage.
The manticore is severely wounded.
The zap hits the manticore.
The manticore is almost dead.
Casting: Shock (safe; 1% risk of failure)
Confirm with . or Enter, or press ? or * to list all spells.
Aiming: Shock (safe; 1% risk of failure)
Press: ? - help, Shift-Dir - straight line, f/p - manticore
Aim: a manticore (almost dead, confused, 98% to hit)
The zap hits the manticore.
The manticore is almost dead.
The manticore completely misses you. You block the manticore's attack.
The manticore barely misses you.
Maurice zaps a wand.
You suddenly lose the ability to move!
Maurice zaps a wand.
You easily resist.
The now-empty wand crumbles to dust.
The manticore seems less confused.
The manticore bites you but does no damage.
The manticore claws you. x2
The manticore bites you.
The manticore claws you but does no damage. x2
The manticore bites you.
The manticore claws you but does no damage.
The manticore claws you!
* * * LOW HITPOINT WARNING * * *
The manticore bites you!
You die...

##....<....?...
##....$........
#.....[.......
#.............
..............
....... .....@.
......)##
.......@#
.#..#..H# #####


You could see Maurice and a manticore.

Vanquished Creatures
  Prince Ribbit (D:6)
  Grinder (D:3)
  Sigmund (D:2)
  A fire bat (D:6)
  3 steam dragons
  Duvessa (D:5)
  A water moccasin (D:6)
  An ice beast (D:4)
  A black bear (D:8)
  4 necrophages (D:6)
  An ogre (D:5)
  2 phantoms
  4 centaurs
  2 kobold brigands
  6 bullfrogs
  3 scorpions
  3 wyvern skeletons (D:7)
  A wyvern zombie (D:3)
  Dowan (D:5)
  3 water moccasin zombies
  2 water moccasin skeletons
  A killer bee (D:4)
  5 wights
  2 bullfrog zombies (D:6)
  2 howler monkeys (D:6)
  A crimson imp (D:7)
  A human zombie (D:6)
  A centaur zombie (D:5)
  2 bullfrog skeletons
  2 jellies
  5 orc priests
  2 gnoll shamans
  3 hounds
  4 iguanas
  Jessica (D:2)
  A scorpion zombie (D:5)
  Ijyb (D:3)
  3 orc wizards
  A hound zombie (D:5)
  A hound skeleton (D:4)
  A mummy (D:6)
  Robin (D:2)
  2 howler monkey zombies
  12 gnolls
  14 adders
  A shadow imp (D:7)
  2 ufetubi
  A worm (D:4)
  A dart slug (D:4)
  13 orcs
  16 endoplasms
  11 giant cockroaches
  13 goblins
  7 hobgoblins
  6 jackals
  11 quokkas
  18 ball pythons
  7 bats
  15 frilled lizards (Sewer)
  17 kobolds
  8 rats
259 creatures vanquished.

Vanquished Creatures (collateral kills)
  A centaur (D:6)
  3 goblins (D:2)
  2 bats (D:3)
6 creatures vanquished.

Grand Total: 265 creatures vanquished

Notes
Turn   | Place    | Note
-------+----------+-------------------------------------------
     0 | D:1      | pokeman the Deep Elf Hedge Wizard began the quest for the
                  | Orb.
     0 | D:1      | Reached XP level 1. HP: 10/10 MP: 7/7
    20 | D:1      | Found a faded altar of an unknown god.
   645 | D:1      | Reached XP level 2. HP: 15/15 MP: 5/9
  1180 | D:2      | Reached skill level 5 in Spellcasting
  1180 | D:2      | Reached XP level 3. HP: 18/20 MP: 4/11
  1267 | D:2      | Learned a level 3 spell: Mephitic Cloud
  1270 | D:2      | Learned a level 2 spell: Call Imp
  1273 | D:2      | Learned a level 2 spell: Blink
  1277 | D:2      | Learned a level 3 spell: Conjure Flame
  1352 | D:2      | Noticed Jessica
  1355 | D:2      | Killed Jessica
  1356 | D:2      | Reached skill level 1 in Fighting
  1356 | D:2      | Reached skill level 1 in Armour
  1428 | D:2      | Reached XP level 4. HP: 25/25 MP: 2/13
  1880 | D:2      | Noticed Robin
  2102 | D:2      | Killed Robin
  2404 | D:2      | Noticed Sigmund
  2427 | D:2      | Killed Sigmund
  2428 | D:2      | Reached skill level 6 in Spellcasting
  2428 | D:2      | Reached XP level 5. HP: 7/29 MP: 6/16
  2428 | D:2      | Reached XP level 6. HP: 8/34 MP: 6/17
  2820 | D:3      | Noticed Ijyb
  2831 | D:3      | Noticed Grinder
  2985 | D:3      | Found a glowing drain.
  3018 | Sewer    | Entered a sewer
  3179 | Sewer    | Reached skill level 7 in Spellcasting
  3753 | Sewer    | Reached skill level 1 in Air Magic
  3844 | Sewer    | Reached skill level 1 in Poison Magic
  3844 | Sewer    | Reached XP level 7. HP: 23/38 MP: 4/20
  4218 | D:3      | Killed Grinder
  4219 | D:3      | Reached skill level 8 in Spellcasting
  4397 | D:3      | Killed Ijyb
  4398 | D:3      | Reached skill level 9 in Spellcasting
  5244 | D:4      | Reached skill level 1 in Evocations
  5244 | D:4      | Reached XP level 8. HP: 18/44 MP: 12/23
  5466 | D:4      | Found a staircase to the Ecumenical Temple.
  5475 | Temple   | Entered the Ecumenical Temple
  5829 | D:4      | Found an ornate altar of the Wu Jian Council.
  6285 | D:4      | Reached skill level 10 in Spellcasting
  6804 | D:4      | HP: 3/66 [poisoned by a killer bee]
  6807 | D:4      | HP: 1/66 [poisoned by a killer bee]
  7176 | D:4      | Reached skill level 5 in Conjurations
  7587 | D:5      | Entered Level 5 of the Dungeon
  7587 | D:5      | Noticed Duvessa
  7587 | D:5      | Noticed Dowan
  7611 | D:5      | Killed Duvessa
  7631 | D:5      | Killed Dowan
  8085 | D:5      | Reached skill level 11 in Spellcasting
  8146 | D:5      | Reached XP level 9. HP: 41/48 MP: 15/26
  8900 | D:6      | Found a radiant altar of Vehumet.
  8907 | D:6      | Became a worshipper of Vehumet
  9080 | D:6      | Gained mutation: Your magical capacity is low. (-10% MP)
                  | [potion of mutation]
  9080 | D:6      | Gained mutation: Your movements are slightly less
                  | encumbered by armour. (ER -2) [potion of mutation]
  9437 | D:6      | Found a transporter.
  9528 | D:6      | Noticed Prince Ribbit
  9537 | D:6      | Killed Prince Ribbit
  9661 | D:6      | Reached skill level 12 in Spellcasting
  9824 | D:6      | Reached skill level 5 in Fire Magic
  9830 | D:6      | Reached * piety under Vehumet
  9830 | D:6      | Offered knowledge of Shock by Vehumet.
  9833 | D:6      | Learned a level 1 spell: Shock
 10013 | D:6      | Found a transporter.
 10679 | D:6      | Found a basalt altar of Yredelemnul.
 10689 | D:6      | Reached XP level 10. HP: 47/56 MP: 23/26
 11605 | D:7      | Found a burning altar of Makhleb.
 11606 | D:7      | Found a shimmering altar of Xom.
 11637 | D:7      | Reached skill level 13 in Spellcasting
 11927 | D:7      | Reached ** piety under Vehumet
 11927 | D:7      | Offered knowledge of Sandblast by Vehumet.
 12058 | D:7      | Found Akhirgh's Weapon Boutique.
 12763 | D:8      | Noticed Maurice
 12764 | D:8      | Paralysed by Maurice for 7 turns
 13089 | D:8      | Paralysed by Maurice for 7 turns
 13100 | D:8      | Noticed a centaur warrior
 13102 | D:8      | Noticed a manticore
 13147 | D:8      | Noticed a manticore
 13160 | D:8      | Paralysed by Maurice for 7 turns
 13165 | D:8      | Mangled by a manticore (shapeshifter)

Illustrated notes

Levels and vault maps discovered:
D:1:      lemuel_arrival_river_ford, layout_loops_cross,
          ebering_ecumenical_altar_abandoned, kennysheep_nondescript,
          chequers_serial_rivers_micro_b, kennysheep_pointless_box
D:2:      layout_basic, kennysheep_generic_room_10, uniq_robin, uniq_sigmund,
          uniq_jessica
D:3:      layout_loops_cross, gup_sewer_entry_glass, uniq_grinder, uniq_ijyb
D:4:      layout_gridville, old_standard_altar, minmay_temple_entry_ruins,
          minmay_divided_ellipse
D:5:      layout_loops_ring, minmay_bent, uniq_duvessa
D:6:      gammafunk_cloud_chamber, layout_rooms, fiery_altar_vehumet,
          lemuel_mausoleum_altar_yredelemnul, kennysheep_generic_room_2,
          uniq_prince_ribbit1
D:7:      layout_loops_cross, grunt_temple_overflow_champion_of_chaos,
          serial_shops, nicolae_shop_stone
D:8:      minmay_the_grid_octo_triangle [minmay_the_grid_octo_tetromino_candy,
          minmay_the_grid_octo_prize_ultimate_mussel_roller,
          minmay_the_grid_octo_concentric], layout_cave_pools,
          grunt_temple_overflow_open, uniq_maurice
Temple:   hc_temple_tempest_star

Skill      XL: |  1  2  3  4  5  6  7  8  9 10 |
---------------+-------------------------------+-----
Spellcasting   | 5 6 7 9 11 12 13 | 13.3
Fighting       | 1 2 3 |  3.8
Armour         | 1 2 3 |  3.0
Conjurations   | 2 3 4 5 6 7 |  7.4
Dodging        | 3 4 |  4.0
Fire Magic     | 2 3 5 6 |  6.3
Air Magic      | 1 |  1.0
Poison Magic   | 1 |  1.1
Stealth        | 3 |  3.0
Evocations     | 1 |  1.2
Summonings     | |  1.1
Translocations | |  1.1

Action                   |  1- 3 |  4- 6 |  7- 9 | 10-12 || total
-------------------------+-------+-------+-------+-------++-------
Melee: Dagger            |    13 |    52 |    70 |    28 ||   163
 Cast: Magic Dart        |    56 |   167 |   282 |    28 ||   533
       Mephitic Cloud    |     2 |     5 |    30 |    14 ||    51
       Conjure Flame     |     1 |     3 |    32 |    11 ||    47
       Call Imp          |       |     3 |     2 |     2 ||     7
       Blink             |       |       |     4 |       ||     4
       Shock             |       |       |    52 |    77 ||   129
  Use: Potion            |       |       |     7 |       ||     7
 Stab: Confused          |     2 |     9 |     3 |     1 ||    15
Armor: Robe              |     3 |       |       |       ||     3
       Leather armour    |       |    45 |    38 |    15 ||    98
Dodge: Dodged            |    22 |    63 |    64 |    41 ||   190
Block: Other             |       |       |    13 |    18 ||    31
       Reflection        |       |       |       |     4 ||     4

Table legend: (Time is in decaauts)
 A = Elapsed time spent in this place.
 B = Non-inter-level travel time spent in this place.
 C = Inter-level travel time spent in this place.
 D = Time resting spent in this place.
 E = Time spent auto-exploring this place.
 F = Levels seen in this place.
 G = Mean time per level.
                   A        B        C        D        E       F      G
               +--------+--------+--------+--------+--------+-----+--------+
         Total |  13218 |  12895 |    323 |   1910 |   8995 |  10 | 1321.8 |
       Dungeon |  11975 |  11658 |    317 |   1817 |   8045 |   8 | 1496.9 |
        Temple |    207 |    201 |      6 |      0 |    200 |   1 |  207.0 |
         Sewer |   1035 |   1035 |      0 |     93 |    750 |   1 | 1035.0 |
               +--------+--------+--------+--------+--------+-----+--------+

Top non-repeatable levels by time:
     D:6: 2394 daAuts
     D:4: 2373 daAuts
     D:7: 1651 daAuts
     D:2: 1530 daAuts
     D:5: 1457 daAuts
     D:1: 1296 daAuts
     D:3: 1195 daAuts
   Sewer: 1035 daAuts
  Temple: 207 daAuts
     D:8: 76 daAuts
